 Dungeon Crawl Stone Soup version 0.29.1-1-gd02db6906a (webtiles) character file.

Game seed: 16532082455246651610

54 Zeld the Ogre Mage (level 3, 0/36 HPs)
             Began as an Ogre Transmuter on Oct 7, 2022.
             Slain by a hobgoblin (4 damage)
             ... on level 3 of the Dungeon.
             The game lasted 00:03:12 (2344 turns).

Zeld the Ogre Mage (Ogre Transmuter)                Turns: 2344, Time: 00:03:12

Health: 0/36       AC:  2    Str: 16    XL:     3   Next: 91%
Magic:  2/7        EV: 19    Int: 14    God:
Gold:   72         SH:  0    Dex: 14    Spells: 2/8 levels left

rFire   . . .      SeeInvis .     - Unarmed
rCold   . . .      Faith    .   (shield currently unavailable)
rNeg    . . .      Spirit   .   (body armour currently unavailable)
rPois   x          Reflect  .   (helmet currently unavailable)
rElec   .          Harm     .   (cloak currently unavailable)
rCorr   .          Rampage  .   (gloves unavailable)
Will    .....                   (boots unavailable)
Stlth   +.........              (no amulet)
HPRegen 0.12/turn               (no ring)
MPRegen 0.10/turn               (no ring)

@: spider-form (expiring)
A: venomous fangs, tiny, unfitting armour, (tough skin 1)
a: End Transformation


You were on level 3 of the Dungeon.
You were a venomous arachnid creature.
You visited 1 branch of the dungeon, and saw 3 of its levels.

You collected 128 gold pieces.
You spent 56 gold pieces at shops.

Inventory:

Armour
 a - a +0 robe (melded)
Scrolls
 c - a scroll of fog {unknown}
 e - a scroll of teleportation {unknown}
 f - a scroll of vulnerability {unknown}
 h - a scroll of fear {unknown}
 i - 2 scrolls of enchant weapon {unknown}
 l - a scroll of immolation {unknown}
 m - a scroll of magic mapping {unknown}
 n - a scroll of identify {unknown}
 o - a scroll of poison {unknown}
Potions
 b - a potion of lignification
 d - a potion of magic {unknown}
 g - a potion of curing {unknown}
 j - a potion of flight {unknown}
 k - 2 potions of mutation {unknown}


   Skills:
 * Level 2.8 Fighting
 + Level 2.1 Dodging
 + Level 2.9 Unarmed Combat
 * Level 3.2 Spellcasting
 + Level 2.1 Transmutations


You had 2 spell levels left.
You knew the following spells:

 Your Spells              Type           Power      Damage    Failure   Level
a - Beastly Appendage     Tmut           16%        N/A       22%         1
b - Wereblood             Tmut           8%         N/A       30%         2
c - Spider Form           Tmut/Pois      5%         N/A       61%         3

Your spell library contained the following spells:

 Spells                   Type           Power      Damage    Failure   Level
 Ice Form                 Ice/Tmut       5%         N/A       92%         4


Dungeon Overview and Level Annotations

Branches:
Dungeon (3/15)

Altars:

Shops:
D:1 *


Innate Abilities, Weirdness & Mutations

You are a venomous arachnid creature.
You have poisonous fangs.
You are tiny and dextrous.
Your spellcasting is less reliable in this form.
Your armour is entirely melded.
You are incapable of wielding weapons or throwing items.
You are too large for most types of armour.
((You have tough skin. (AC +1)))


Message History

The hobgoblin attacks as you move away! The hobgoblin hits you.
Something hits you but does no damage.
You feel less confused. Something hits you.
Casting: Beastly Appendage (safe; 10% risk of failure)
Confirm with . or Enter, or press ? or * to list all spells.
The spell is quite dangerous to miscast (38% risk of failure)!
Continue anyway? [Y]es or [N]o only, please.
The spell is quite dangerous to miscast (38% risk of failure)!
Continue anyway?
Your horns disappear.
Your talons disappear.
You turn into a venomous arachnid creature.
Your +0 robe melds into your body.
You hear some strange, mumbled words.
A magic dart appears from out of thin air!
The magic dart hits you.
* * * LOW HITPOINT WARNING * * *
You bite something!
An orc wizard appears from thin air!
Reactivating autopickup.
The orc wizard misses you.
Unknown command.
You hit the orc wizard but do no damage.
The orc wizard looks as sick as possible!
The orc wizard is severely wounded.
The orc wizard gestures at you while chanting.
The magic dart hits you.
* * * LOW HITPOINT WARNING * * *
Unknown command.
You barely miss the orc wizard.
The orc wizard is severely wounded.
Your transformation is almost over.
The orc wizard hits you with a +0 dagger.
* * * LOW HITPOINT WARNING * * *
Unknown command.
You hit the orc wizard.
You kill the orc wizard!
Unknown command.
You barely miss the hobgoblin.
The hobgoblin is heavily wounded.
The hobgoblin hits you.
You die...

#.# #.# #.# ######.# #.#
#......####.## #.# #.#
#......... #.# #.#
#.#####.## ##.# #.# #.#
.#.#####.###.# #
...........).#####.#####
##.#####.......gs.......
#.......###############
#########


You could see a hobgoblin.

Vanquished Creatures
  An orc wizard (D:3)
  A worm (D:2)
  An orc (D:3)
  4 endoplasms
  A giant cockroach (D:3)
  3 hobgoblins (D:1)
  3 kobolds
  A quokka (D:1)
  A ball python (D:1)
  3 bats
  A frilled lizard (D:2)
  2 goblins (D:1)
  4 rats
26 creatures vanquished.

Notes
Turn   | Place    | Note
-------+----------+-------------------------------------------
     0 | D:1      | Zeld the Ogre Transmuter began the quest for the Orb.
     0 | D:1      | Reached XP level 1. HP: 19/19 MP: 3/3
   229 | D:1      | Reached XP level 2. HP: 24/28 MP: 5/5
   755 | D:1      | Found Xios's Assorted Antiques.
   771 | D:1      | Bought a scroll labelled AQOTZI UMPUPTO for 28 gold pieces
   771 | D:1      | Bought a scroll labelled BOLOYK GYKH for 28 gold pieces
  1744 | D:2      | Reached skill level 3 in Spellcasting
  1744 | D:2      | Reached XP level 3. HP: 26/36 MP: 4/7
  1842 | D:2      | Found a faded altar of an unknown god.
  2070 | D:2      | Learned a level 2 spell: Wereblood
  2074 | D:2      | Learned a level 3 spell: Spider Form
  2344 | D:3      | Slain by a hobgoblin

Illustrated notes

Levels and vault maps discovered:
D:1:      dpeg_arrival_long_road, layout_loops_cross, serial_shops, shop
D:2:      layout_basic, hellmonk_ecumenical_altar_heavens_door
D:3:      layout_loops_ring, uniq_crazy_yiuf_cottage

Skill      XL: |  1  2  3 |
---------------+----------+-----
Fighting       | 2 |  2.8
Dodging        | 2 |  2.1
Spellcasting   | 3 |  3.2
Transmutations | 2 |  2.1
Unarmed Combat | |  2.9

Action                   || total
-------------------------++-------
Melee: Unarmed           ||    87
       Kick              ||    11
       Headbutt          ||     5
       Punch             ||     1
 Cast: Beastly Appendage ||    42
       Spider Form       ||     1
Armor: Robe              ||    38
Dodge: Dodged            ||    45
